 Dungeon Crawl Stone Soup version 0.26.1-11-gd32895ea62 (webtiles) character file.

Game seed: 1365994646705185094

14 Descartes the Chucker (level 2, -1/28 HPs)
             Began as a Troll Hunter on July 15, 2021.
             Killed from afar by Sigmund (6 damage)
             ... with a puff of flame
             ... on level 2 of the Dungeon.
             The game lasted 00:02:01 (745 turns).

Descartes the Chucker (Troll Hunter)                 Turns: 745, Time: 00:02:01

Health: -1/28      AC:  6    Str: 19    XL:     2   Next: 31%
Magic:  1/1        EV: 10    Int:  7    God:
Gold:   34         SH:  0    Dex: 10    Spells: 1/1 levels left

rFire    . . .     SeeInvis .   (no weapon)
rCold    . . .     Faith    .   (no shield)
rNeg     . . .     Spirit   .   b - +0 robe
rPois    .         Reflect  .   (helmet restricted)
rElec    .         Harm     .   (no cloak)
rCorr    .         Rampage  .   (gloves unavailable)
Will     .....                  (boots unavailable)
Stlth    +.........             (no amulet)
HPRegen  0.49/turn              (no ring)
MPRegen  0.07/turn              (no ring)

@: no status effects
A: large, unfitting armour, claws 3, regeneration 1, shaggy fur 1, tough skin 3
a: no special abilities


You were on level 2 of the Dungeon.
You visited 1 branch of the dungeon, and saw 2 of its levels.

You collected 34 gold pieces.

Inventory:

Missiles
 c - 5 large rocks (quivered)
 d - 2 throwing nets
 j - 6 sling bullets
 m - 26 stones
Armour
 b - a +0 robe (worn)
Jewellery
 i - an uncursed ring of positive energy {unknown}
Scrolls
 a - a scroll of fear {unknown}
 e - a scroll of fog {unknown}
 f - a scroll of remove curse {unknown}
 k - a scroll of amnesia {unknown}
 l - a scroll of enchant armour {unknown}
 n - a scroll of identify {unknown}
Potions
 g - a potion of invisibility {unknown}
 h - 2 potions of might {unknown}


   Skills:
 + Level 1.8 Fighting
 + Level 3.7 Throwing
 + Level 1.8 Dodging
 - Level 0.3 Stealth
 + Level 0.8 Unarmed Combat


You had one spell level left.
You didn't know any spells.
Your spell library was empty.

Dungeon Overview and Level Annotations

Branches:
Dungeon (2/15)

Altars:

Annotations:
D:2 Sigmund


Innate Abilities, Weirdness & Mutations

You are too large for most types of armour.
You have claws for hands.
Your natural rate of healing is unusually fast.
You are covered in fur. (AC +1)
You have extremely tough skin. (AC +3)


Message History

A goblin comes into view. It is wielding a +0 club.
The goblin shoots a stone.
The stone barely misses you.
You barely miss something. Something hits you.
* * * LOW HITPOINT WARNING * * *
The goblin shoots a stone.
The stone barely misses you.
You scratch something but do no damage. You scratch something.
You hear some strange, mumbled words.
A puff of flame appears from out of thin air!
The puff of flame misses you.
You claw something!
The goblin shoots a stone.
The stone closely misses you.
You hear some strange, mumbled words.
A puff of flame appears from out of thin air!
The puff of flame misses you.
You miss something.
The goblin shoots a stone.
The stone hits you but does no damage.
You hear some strange, mumbled words.
A puff of flame appears from out of thin air!
The puff of flame hits you.
You die...

#..........# .....
#..........#...... ....
#..........#..... ....
#.....<.......... .....
#..........####g# .....
#..........# #g# ......
########.######.##......
####>.# #.# #...#..#
#........# #.# ##.#.@{#
#.....#... ##### #.#
#..#.### ....#....##
#...# #.###.##.#
...#...#.
#...###...[....#
#.g.....
#......#...##### #......
#...##.....######.
#..<...
#######...........
###...... ###..####...#
........@. #....# ..
####.....(


You could see 2 goblins.

Vanquished Creatures
  3 leopard geckos (D:1)
  A goblin (D:1)
  A hobgoblin (D:1)
  3 kobolds (D:1)
  A frilled lizard (D:1)
  A rat (D:1)
10 creatures vanquished.

Notes
Turn   | Place    | Note
-------+----------+-------------------------------------------
     0 | D:1      | Descartes the Troll Hunter began the quest for the Orb.
     0 | D:1      | Reached XP level 1. HP: 19/19 MP: 0/0
   150 | D:1      | Reached XP level 2. HP: 13/28 MP: 1/1
   611 | D:2      | Noticed Sigmund
   745 | D:2      | Killed from afar by Sigmund

Illustrated notes

Levels and vault maps discovered:
D:1:      dpeg_arrival_tiny_k, layout_loops_ring
D:2:      layout_rooms, minmay_heptomino_h4, uniq_sigmund,
          uniq_crazy_yiuf_cottage

Action                   || total
-------------------------++-------
Melee: Unarmed           ||    55
Armor: Robe              ||    13
Dodge: Dodged            ||    33
